 Dungeon Crawl Stone Soup version 0.22-a0-512-g0943f25 (webtiles) character file.

114 Gorglomux the Skirmisher (level 4, -1/44 HPs)
             Began as a Naga Fighter on June 18, 2018.
             Slain by Sigmund
             ... wielding a +0 scythe
              (2 damage)
             ... on level 2 of the Dungeon.
             The game lasted 00:01:00 (1598 turns).

Gorglomux the Skirmisher (Naga Fighter)             Turns: 1598, Time: 00:01:00

Health: -1/44      AC:  6    Str: 16 (19) XL:     4   Next: 97%
Magic:  4/4        EV:  5    Int:  7 (9)  God:
Gold:   74         SH:  8    Dex:  7 (10) Spells: 3/3 levels left

rFire    . . .     SeeInvis +   a - +0 war axe
rCold    . . .     Gourm    .   c - +0 shield
rNeg     . . .     Faith    .   b - +0 scale mail
rPois    +         Spirit   .   (no helmet)
rElec    .         Reflect  .   o - +0 cloak
rCorr    .         Harm     .   (no gloves)
MR       .....                  (no barding)
Stlth    ..........             (no amulet)
HPRegen  0.14/turn              (no ring)
MPRegen  0.09/turn              (no ring)

@: very slow
A: large, see invisible, deformed body, poison resistance, slowness 2, slow
metabolism 1, spit poison 1, AC +1
a: Spit Poison


You were on level 2 of the Dungeon.
You were not hungry.

You visited 1 branch of the dungeon, and saw 2 of its levels.

You collected 74 gold pieces.

Inventory:

Hand Weapons
 a - a +0 war axe (weapon)
Armour
 b - a +0 scale mail (worn)
 c - a +0 shield (worn)
 o - a +0 cloak (worn)
Scrolls
 g - a scroll of noise {unknown}
 h - a scroll of identify {unknown}
 k - 3 scrolls of remove curse {unknown}
 l - a scroll of fog {unknown}
 m - 2 scrolls of teleportation {unknown}
 n - a scroll of amnesia {unknown}
 r - a scroll of magic mapping {unknown}
 t - a scroll of random uselessness {unknown}
Potions
 d - 2 potions of might
 q - a potion of invisibility {unknown}
Comestibles
 f - 5 rations
 s - 4 chunks of flesh


   Skills:
 + Level 3.7 Fighting
 + Level 3.0 Axes
 + Level 3.0 Armour
 + Level 3.0 Shields


You had 3 spell levels left.
You didn't know any spells.
Your spell library was empty.

Dungeon Overview and Level Annotations

Branches:
Dungeon (2/15)

Altars:
Elyvilon
Hepliaklqana
Kikubaaqudgha
Vehumet
Wu Jian

Annotations:
D:2 Sigmund


Innate Abilities, Weirdness & Mutations

You cannot wear boots.
Your serpentine skin is tough. (AC +1)
You have supernaturally acute eyesight. (SInv)
Armour fits poorly on your strangely shaped body.
Your system is resistant to poisons. (rPois)
You cover ground very slowly.
You have a slow metabolism.
You can spit poison.


Message History

Butt: Sigmund, wielding a scythe and wearing an embroidered robe (heavily wounded)
The splash of poison hits Sigmund!
Sigmund is poisoned!
Sigmund is severely wounded!
You feel slightly more hungry!
Sigmund hits you with a scythe! * * * butt't die
* * * Unknown command!
You barely miss Sigmund!
Sigmund is severely wounded!
Sigmund butts a spell at you! The magic dart hits you!!!
You barely miss Sigmund!
Sigmund is severely wounded!
You have got your breath back!
Sigmund hits you with a scythe!!! * * * don't die
* * * It was a potion of butt!
There was something very wrong with that butt!
You feel weakened!
You feel dopey!
You feel clumsy! Sigmund hits you with a scythe! rip

# #.......# #
#.......# #
#.......# #
############.## #
#.............# #
#.............# #
#.............# #
#.............####.#
#
#..)..........@@...#
#
#.............######
###.............#
................#
.....############
.....# ######


You could see Sigmund.

Vanquished Creatures
  A howler monkey (D:2)
  A gnoll (D:1)
  2 adders (D:2)
  2 worms (D:2)
  A dart slug (D:2)
  2 leopard geckos
  3 bats
  A giant cockroach (D:2)
  7 goblins
  2 hobgoblins (D:2)
  9 kobolds
  2 quokkas (D:2)
  2 frilled lizards
  6 rats
41 creatures vanquished.

Notes
Turn   | Place    | Note
-------+----------+-------------------------------------------
     0 | D:1      | Gorglomux the Naga Fighter began the quest for the Orb.
     0 | D:1      | Reached XP level 1. HP: 21/21 MP: 1/1
   147 | D:1      | Reached XP level 2. HP: 16/28 MP: 2/2
   592 | D:1      | Reached XP level 3. HP: 34/34 MP: 3/3
  1123 | D:2      | Found a hazy altar of Hepliaklqana.
  1172 | D:2      | Reached XP level 4. HP: 27/42 MP: 4/4
  1272 | D:2      | Found an ancient bone altar of Kikubaaqudgha.
  1361 | D:2      | Found an ornate altar of the Wu Jian Council.
  1363 | D:2      | Found a white marble altar of Elyvilon.
  1368 | D:2      | Found a radiant altar of Vehumet.
  1399 | D:2      | Reached skill level 3 in Armour
  1399 | D:2      | Reached skill level 3 in Shields
  1530 | D:2      | Reached skill level 3 in Axes
  1585 | D:2      | Noticed Sigmund
  1597 | D:2      | HP: 1/44 [Sigmund/scythe (10)]
  1598 | D:2      | Slain by Sigmund

Vault maps used:
D:1:      lemuel_arrival_behind_the_door_large
D:2:      lemuel_coloured_pillars_altar, overflow_temple_1_default,
          grunt_temple_overflow_open, serial_park_tiny_2, uniq_sigmund

Skill      XL: |  1  2  3  4 |
---------------+-------------+-----
Armour         | 3 |  3.0
Shields        | 3 |  3.0
Axes           | 3 |  3.0
Fighting       | |  3.7

Action                   |  1- 3 |  4- 6 || total
-------------------------+-------+-------++-------
Melee: War axe           |   129 |    38 ||   167
 Abil: Spit Poison       |     1 |     3 ||     4
  Use: Potion            |       |     1 ||     1
  Eat: Chunk             |       |     2 ||     2
Armor: Scale mail        |    62 |    22 ||    84
Dodge: Dodged            |    29 |    14 ||    43
Block: Shield            |    60 |    26 ||    86

Table legend:
 A = Spawn XP
 B = Non-spawn XP
 C = Spawn XP percentage of total XP
 D = Spawn monster count
 E = Non-spawn monster count
 F = Spawn count percentage of total count
 G = Total turns spent on level
                    A         B        C        D         E        F      G
               +---------+---------+-------+---------+---------+-------+---------
         Total |       0 |     163 |   0.0 |       0 |      41 |   0.0 |  1598
               +---------+---------+-------+---------+---------+-------+---------
           D:1 |       0 |      46 |   0.0 |       0 |      20 |   0.0 |  1012
           D:2 |       0 |     117 |   0.0 |       0 |      21 |   0.0 |   586
               +---------+---------+-------+---------+---------+-------+---------
